 Dungeon Sprint DCSS version 0.30-a0-743-gbfdf073431 (webtiles) character file.

Game seed: 6638612220783994573

523 BigDaddyOpFi the Octopoid Catastrophe (level 10, -22/77 HPs)
             Began as an Octopode Fighter on Feb 7, 2023.
             Was an Elder of Qazlal.
             Annihilated by a tyrant leech (33 damage)
             ... in the Dungeon (Sprint VI: "Thunderdome").
             The game lasted 00:05:06 (1015 turns).

BigDaddyOpFi the Octopoid Catastrophe (OpFi)        Turns: 1015, Time: 00:05:06

Health: -22/77     AC:  1    Str: 40    XL:     10   Next: 12%
Magic:  15/19      EV: 15    Int: 22    God:    Qazlal [****..]
Gold:   25         SH: 11    Dex:  9    Spells: 9/9 levels left

rFire   . . .      SeeInvis +    s - +0 broad axe
rCold   + . .      Faith    .    b - +0 buckler
rNeg    + . .      Spirit   .    (helmet restricted)
rPois   +          Reflect  .    e - amulet "Azaimaopp" {Regen+ Str+2}
rElec   +          Harm     .    n - ring of Gyryam {Will+ rCorr}
rCorr   +          Rampage  .    o - ring "Itiorr" {Will+ Str+4 SInv}
Will    +++++      NoTele   +    c - ring of Happiness {Will+ Str+3 Slay+4}
Stlth   +                        d - ring of Sif Muna, Imbibing {rC+ Str+3 Int+3}
HPRegen 1.12/turn                r - ring of Fedhas's Supremacy {rPois Int+2}
MPRegen 0.16/turn                t - ring "Hikesaen" {rElec Str+5 Int+6 Dex-2}
                                 a - ring "Uwnic" {rElec rN+ Will++ Str+3}
                                 (no ring)

@: studying Fighting, repel missiles
A: almost no armour, amphibious, 8 rings, camouflage 1, gelatinous body 1,
(nimble swimmer 1), tentacles
}: 1/15 runes: serpentine
a: Renounce Religion, Upheaval, Elemental Force


You were in the Dungeon.
You worshipped Qazlal.
Qazlal was greatly pleased with you.
You visited 1 branch You collected 850 gold pieces.
You spent 825 gold pieces at shops.

Inventory:

Hand Weapons
 s - a +0 broad axe (weapon)
Armour
 b - a +0 buckler (worn)
Jewellery
 a - the ring "Uwnic" (on tentacle) {rElec rN+ Will++ Str+3}
   (You bought it in a shop in the Dungeon)

   [ring of positive energy]

   Str:       It affects your strength (+3).
   rElec:     It insulates you from electricity.
   rN:        It protects you from negative energy.
   Will:      It greatly increases your willpower.
 c - the ring of Happiness (on tentacle) {Will+ Str+3 Slay+4}
   (You bought it in a shop in the Dungeon)

   [ring of slaying]

   Str:       It affects your strength (+3).
   Slay:      It affects your accuracy & damage with ranged weapons and melee
   (+4).
   Will:      It increases your willpower.
 d - the ring of Sif Muna, Imbibing (on tentacle) {rC+ Str+3 Int+3}
   (You bought it in a shop in the Dungeon)

   [ring of protection from cold]

   Str:       It affects your strength (+3).
   Int:       It affects your intelligence (+3).
   rC:        It protects you from cold.
 e - the amulet "Azaimaopp" (around mantle) {Regen+ Str+2}
   (You bought it in a shop in the Dungeon)

   [amulet of regeneration]

   Str:       It affects your strength (+2).
   Regen:     It increases your rate of health regeneration.
 n - the ring of Gyryam (left tentacle) {Will+ rCorr}
   (You bought it in a shop in the Dungeon)

   [ring of willpower]

   rCorr:     It protects you from acid and corrosion.
   Will:      It increases your willpower.
 o - the ring "Itiorr" (right tentacle) {Will+ Str+4 SInv}
   (You bought it in a shop in the Dungeon)

   [ring of see invisible]

   Str:       It affects your strength (+4).
   SInv:      It lets you see invisible.
   Will:      It increases your willpower.
 p - the amulet "Ruschoqup" {Faith Fly rPois Int+4 Dex-5}
   (You bought it in a shop in the Dungeon)

   [amulet of faith]

   It allows you to gain divine favour quickly.
   Int:       It affects your intelligence (+4).
   Dex:       It affects your dexterity (-5).
   rPois:     It protects you from poison.
   Fly:       It grants you flight.
 q - the ring "Xid Xoh" {rElec rC+ Will+ Int-4 Stlth+}
   (You bought it in a shop in the Dungeon)

   [ring of willpower]

   Int:       It affects your intelligence (-4).
   rC:        It protects you from cold.
   rElec:     It insulates you from electricity.
   Will:      It increases your willpower.
   Stlth:     It makes you more stealthy.
 r - the ring of Fedhas's Supremacy (on tentacle) {rPois Int+2}
   (You bought it in a shop in the Dungeon)

   [ring of poison resistance]

   Int:       It affects your intelligence (+2).
   rPois:     It protects you from poison.
 t - the ring "Hikesaen" (on tentacle) {rElec Str+5 Int+6 Dex-2}
   (You bought it in a shop in the Dungeon)

   [ring of intelligence]

   Str:       It affects your strength (+5).
   Int:       It affects your intelligence (+6).
   Dex:       It affects your dexterity (-2).
   rElec:     It insulates you from electricity.
 u - the ring "Dufin" {Fly rN+++ Str-5 Dex-2 SInv}
   (You bought it in a shop in the Dungeon)

   [ring of see invisible]

   Str:       It affects your strength (-5).
   Dex:       It affects your dexterity (-2).
   rN:        It renders you almost immune to negative energy.
   SInv:      It lets you see invisible.
   Fly:       It grants you flight.
Wands
 k - a wand of quicksilver (5)
 l - a wand of iceblast (5)
Scrolls
 i - 2 scrolls of blinking
 m - 3 scrolls of fog
Potions
 f - 3 potions of haste
 g - 2 potions of magic
 h - a potion of berserk rage
 j - a potion of resistance
 v - 3 potions of heal wounds


   Skills:
 + Level 10.6 Fighting
 + Level 9.4 Axes
 + Level 9.7 Dodging
 + Level 9.8 Shields
 * Level 12.8 Invocations


You had 9 spell levels left.
You didn't know any spells.
Your spell library was empty.

Dungeon Overview and Level Annotations

Branches:
Dungeon (1/1)

Altars:
Cheibriados
Dithmenos
Fedhas
Gozag
Kikubaaqudgha
Makhleb
Okawaru
Qazlal
Ru
Sif Muna
Trog
Uskayaw
Vehumet
Wu Jian
Xom
Yredelemnul
Zin
The Shining One
Lugonu

Shops:
D *[??*?*:[((!!!!


Innate Abilities, Weirdness & Mutations

You cannot wear most types of armour.
You are amphibious.
You can wear up to eight rings at the same time.
Your skin changes colour to match your surroundings (Stealth+).
Your rubbery body absorbs attacks. (AC +1, EV +1)
((You are camouflaged when in or above water. (Stealth+)))
You have tentacles for arms and can constrict up to eight enemies at once.


Message History

An alligator comes into view.
There is an entrance to Kiculo's Do-It-Yourself Clinic here.
v - 3 potions of heal wounds;
v - 6 potions of heal wounds (gained 3) Thank you for shopping at Kiculo's Do-It-Yourself Clinic!
You feel much better.
You completely miss the alligator.
The alligator bites you but does no damage.
The alligator barely misses you.
You completely miss the alligator. The alligator closely misses you.
You block the alligator's attack.
Blink to where?
Press: ? - help, Dir - move target
As you read the scroll of blinking, it crumbles to dust.
The alligator puts on a burst of speed!
The tyrant leech is engulfed in blazing flames.
The alligator puts on a burst of speed!
The alligator attacks as you move away! The alligator bites you!
The alligator closely misses you.
You barely miss the alligator. Your squeeze misses the alligator.
The alligator bites you. The alligator tail-slaps you!
You closely miss the alligator. You barely miss the tyrant leech.
You block the alligator's attack. The alligator tail-slaps you!
The alligator bites you!!
* * * LOW HITPOINT WARNING * * *
You block the alligator's attack.
You feel much better.
The tyrant leech is engulfed in freezing vapours.
You block the tyrant leech's attack. The alligator misses you.
The alligator tail-slaps you.
The alligator is struck by lightning.
The alligator bites you!
* * * LOW HITPOINT WARNING * * *
The alligator tail-slaps you!
* * * LOW HITPOINT WARNING * * *
You feel much better. The alligator bites you!!
* * * LOW HITPOINT WARNING * * *
The alligator closely misses you.
The alligator is struck by lightning.
The alligator bites you.
* * * LOW HITPOINT WARNING * * *
The alligator barely misses you. The tyrant leech bites you!!
You die...

##.............###.............#
#⌠..........###...###..........⌠
#⌠..........# #.<.# #..........§
#⌠..........###...###..........⌠
##.............###.............#
###∩.....)..8.# #.8........∩###
##∩___......###......_..§##
######.8...☼w....8.######
#⌠....@t.....⌠# ###.°..t....###
#_§§.°..._# #_........#
#_......._# #∩.......∩#
##∩.....∩## ##.....## ##⌠⌠⌠##


You could see 2 alligators and a tyrant leech.

Vanquished Creatures
  A hydra (D)
  A water moccasin (D)
  6 sky beasts (D)
  2 necrophages (D)
  A scorpion (D)
  A wight (D)
  2 adders (D)
  3 worms (D)
  2 bat zombies (D)
  A giant cockroach (D)
  3 ball pythons (D)
  A ball python skeleton (D)
24 creatures vanquished.

Vanquished Creatures (collateral kills)
  A naga warrior (D)
1 creature vanquished.

Grand Total: 25 creatures vanquished

Notes
Turn   | Place    | Note
-------+----------+-------------------------------------------
     0 | D        | BigDaddyOpFi the Octopode Fighter began the quest for the
                  | Orb.
     0 | D        | Reached XP level 1. HP: 16/16 MP: 1/1
     3 | D        | Found a corrupted altar of Lugonu.
     3 | D        | Found a glowing silver altar of Zin.
     4 | D        | Found a glowing golden altar of the Shining One.
     4 | D        | Found a hide-covered altar of Uskayaw.
     5 | D        | Found a shimmering altar of Xom.
     5 | D        | Found a shimmering blue altar of Sif Muna.
     5 | D        | Round 1.
     6 | D        | Found an ancient bone altar of Kikubaaqudgha.
     6 | D        | Found a blossoming altar of Fedhas.
     6 | D        | Found Odoegipn's Identification Station.
     7 | D        | Found Cunlim's Jewellery.
     7 | D        | Found Zuczoy's Advanced Armour.
    15 | D        | Bought a flickering glass ring for 45 gold pieces
    15 | D        | Identified the ring of Gyryam {Will+ rCorr} (You bought it
                  | in a shop in the Dungeon)
    15 | D        | Bought a bound ivory ring for 45 gold pieces
    15 | D        | Identified the ring "Itiorr" {Will+ Str+4 SInv} (You bought
                  | it in a shop in the Dungeon)
    15 | D        | Bought a brightly glowing bronze amulet for 45 gold pieces
    15 | D        | Identified the amulet "Ruschoqup" {Faith Fly rPois Int+4
                  | Dex-5} (You bought it in a shop in the Dungeon)
    15 | D        | Bought an ancient copper ring for 45 gold pieces
    15 | D        | Identified the ring "Xid Xoh" {rElec rC+ Will+ Int-4
                  | Stlth+} (You bought it in a shop in the Dungeon)
    87 | D        | Noticed a scorpion
    94 | D        | Killed a scorpion
    95 | D        | Reached XP level 2. HP: 23/23 MP: 2/2
    95 | D        | Reached XP level 3. HP: 27/27 MP: 3/3
    95 | D        | Reached XP level 4. HP: 34/34 MP: 4/4
    98 | D        | Found a shadowy altar of Dithmenos.
    99 | D        | Found a snail-covered altar of Cheibriados.
   101 | D        | Found an iron altar of Okawaru.
   101 | D        | Found a basalt altar of Yredelemnul.
   101 | D        | Found Ujyng's Premium Goods.
   101 | D        | Found Zatoq's Weapon Rack.
   102 | D        | Found Qoudoun's Miscellaneous Merchandise.
   102 | D        | Found Tyeroez's Basic Armour.
   107 | D        | Found a sacrificial altar of Ru.
   110 | D        | Found Kiculo's Do-It-Yourself Clinic.
   111 | D        | Found Vacelej's Bottled Wisdom.
   111 | D        | Found Eceysak's Distillery.
   111 | D        | Found a bloodstained altar of Trog.
   111 | D        | Found a stormy altar of Qazlal.
   111 | D        | Found Meudob's Distillery.
   115 | D        | Found an opulent altar of Gozag.
   116 | D        | Found an ornate altar of the Wu Jian Council.
   122 | D        | Became a worshipper of Qazlal Stormbringer
   127 | D        | Found a burning altar of Makhleb.
   127 | D        | Found Hosimm's Staff Store.
   129 | D        | Found a radiant altar of Vehumet.
   129 | D        | Found Usidwoux's Magic Scroll Shop.
   129 | D        | Found Onok's Must-Have Magic.
   129 | D        | Found Korun's Magic Scroll Shop.
   135 | D        | Arena points: 12 (+12) [x2]
   193 | D        | Round 2.
   266 | D        | Reached * piety under Qazlal
   270 | D        | Reached skill level 5 in Fighting
   270 | D        | Reached skill level 5 in Dodging
   270 | D        | Reached skill level 5 in Shields
   310 | D        | Reached skill level 1 in Invocations
   310 | D        | Noticed a water moccasin
   321 | D        | Killed a water moccasin
   321 | D        | Reached ** piety under Qazlal
   321 | D        | Arena points: 54 (+42) [x3]
   322 | D        | Reached skill level 5 in Axes
   322 | D        | Reached skill level 4 in Invocations
   322 | D        | Reached XP level 5. HP: 6/41 MP: 4/8
   382 | D        | Round 3.
   395 | D        | Bought a heavily runed marble ring for 45 gold pieces
   395 | D        | Identified the ring of Happiness {Will+ Str+3 Slay+4} (You
                  | bought it in a shop in the Dungeon)
   395 | D        | Bought a glittering marble ring for 45 gold pieces
   395 | D        | Identified the ring of Sif Muna, Imbibing {rC+ Str+3 Int+3}
                  | (You bought it in a shop in the Dungeon)
   404 | D        | Reached skill level 5 in Invocations
   404 | D        | Reached XP level 6. HP: 2/46 MP: 8/10
   452 | D        | Reached *** piety under Qazlal
   477 | D        | Reached skill level 6 in Invocations
   483 | D        | Arena points: 138 (+84) [x4]
   497 | D        | Bought a crude diamond amulet for 45 gold pieces
   497 | D        | Identified the amulet "Azaimaopp" {Regen+ Str+2} (You
                  | bought it in a shop in the Dungeon)
   497 | D        | Bought a shimmering amber ring for 45 gold pieces
   497 | D        | Identified the ring of Fedhas's Supremacy {rPois Int+2}
                  | (You bought it in a shop in the Dungeon)
   541 | D        | Round 4.
   582 | D        | Noticed a sky beast
   593 | D        | Killed a sky beast
   593 | D        | Reached **** piety under Qazlal
   594 | D        | Reached skill level 7 in Invocations
   594 | D        | Reached XP level 7. HP: 42/54 MP: 12/12
   616 | D        | Reached skill level 8 in Invocations
   654 | D        | Reached skill level 9 in Invocations
   655 | D        | Reached ***** piety under Qazlal
   655 | D        | Arena points: 278 (+140) [x5]
   656 | D        | Reached XP level 8. HP: 33/61 MP: 13/15
   676 | D        | Bought a +0 broad axe for 120 gold pieces
   722 | D        | Round 5.
   730 | D        | Noticed a naga warlord
   754 | D        | Killed a naga warlord
   754 | D        | Arena points: 523 (+245) [x7]
   755 | D        | Reached skill level 11 in Invocations
   757 | D        | Got a serpentine rune of Zot
   758 | D        | Reached XP level 9. HP: 17/70 MP: 4/17
   952 | D        | Round 6.
   965 | D        | Bought a transparent granite ring for 45 gold pieces
   965 | D        | Identified the ring "Uwnic" {rElec rN+ Will++ Str+3} (You
                  | bought it in a shop in the Dungeon)
   965 | D        | Bought a transparent iron ring for 45 gold pieces
   965 | D        | Identified the ring "Hikesaen" {rElec Str+5 Int+6 Dex-2}
                  | (You bought it in a shop in the Dungeon)
   965 | D        | Bought a vibrating golden ring for 45 gold pieces
   965 | D        | Identified the ring "Dufin" {Fly rN+++ Str-5 Dex-2 SInv}
                  | (You bought it in a shop in the Dungeon)
   969 | D        | Noticed a seven-headed hydra
   975 | D        | Killed a seven-headed hydra
   976 | D        | Reached skill level 10 in Fighting
   976 | D        | Reached skill level 12 in Invocations
   976 | D        | Reached XP level 10. HP: 18/77 MP: 8/19
   999 | D        | Noticed an alligator
   999 | D        | Noticed an alligator
  1001 | D        | Bought 3 potions of heal wounds for 105 gold pieces
  1001 | D        | Bought 3 potions of heal wounds for 105 gold pieces
  1015 | D        | Annihilated by a tyrant leech

Illustrated notes

Levels and vault maps discovered:
D:        arena_sprint

Skill      XL: |  1  2  3  4  5  6  7  8  9 |
---------------+----------------------------+-----
Fighting       | 4 5 6 7 8 9 10 | 10.6
Axes           | 4 5 6 7 8 9 |  9.4
Dodging        | 4 6 7 8 9 |  9.7
Shields        | 4 5 6 7 8 9 |  9.8
Invocations    | 4 5 7 9 11 12 | 12.8

Action                     |  1- 3 |  4- 6 |  7- 9 | 10-12 || total
---------------------------+-------+-------+-------+-------++-------
  Melee: War axe           |     5 |    37 |    13 |       ||    55
         Constrict         |     1 |    11 |       |       ||    12
         Tentacles         |     1 |    10 |     8 |       ||    19
         Punch             |       |     1 |     2 |       ||     3
         Broad axe         |       |       |     7 |     4 ||    11
 Invoke: Elemental Force   |       |       |     1 |       ||     1
         Disaster Area     |       |       |     1 |       ||     1
         Upheaval          |       |       |     3 |       ||     3
    Use: Potion            |     1 |     5 |     2 |     3 ||    11
         Scroll            |       |       |     1 |     1 ||     2
 Armour: Skin              |       |     3 |       |     1 ||     4
  Dodge: Dodged            |     2 |    23 |    10 |     6 ||    41
         Repelled          |       |       |     2 |       ||     2
  Block: Buckler           |       |    17 |    14 |     4 ||    35

Table legend: (Time is in decaauts)
 A = Elapsed time spent in this place.
 B = Non-inter-level travel time spent in this place.
 C = Inter-level travel time spent in this place.
 D = Time resting spent in this place.
 E = Time spent auto-exploring this place.
 F = Levels seen in this place.
 G = Mean time per level.
                   A        B        C        D        E       F      G
               +--------+--------+--------+--------+--------+-----+--------+
         Total |   1008 |   1008 |      0 |    559 |      0 |   1 | 1008.0 |
       Dungeon |   1008 |   1008 |      0 |    559 |      0 |   1 | 1008.0 |
               +--------+--------+--------+--------+--------+-----+--------+

Top non-repeatable levels by time:
       D: 1008 daAuts
